 Dungeon Crawl Stone Soup version 0.27-a0-291-gd9602db6ee (webtiles) character file.

Game seed: 2565365999340324994

3463 mobtown the Purveyor of Pain (level 9, -1/52 HPs)
             Began as a Deep Elf Necromancer on Feb 9, 2021.
             Was an Initiate of Kikubaaqudgha.
             Killed from afar by a wight (11 damage)
             ... with an iceblast
             ... on level 8 of the Dungeon.
             The game lasted 00:54:56 (12839 turns).

mobtown the Purveyor of Pain (DENe)                Turns: 12839, Time: 00:54:57

Health: -1/52      AC:  4    Str:  5    XL:     9   Next: 78%
Magic:  33/33      EV: 14    Int: 26    God:    Kikubaaqudgha [......]
Gold:   476        SH:  0    Dex: 15    Spells: 17/27 levels left

rFire    . . .     SeeInvis .   v - staff of death
rCold    . . .     Faith    .   (no shield)
rNeg     + + .     Spirit   .   b - +1 robe "Noajolah" {+Blink rN+}
rPois    .         Reflect  .   m - +0 helmet
rElec    .         Harm     .   g - +0 cloak
rCorr    .         Rampage  .   (no gloves)
Will     .....                  (no boots)
Stlth    +++.......             x - amulet of regeneration
HPRegen  0.57/turn              e - ring of wizardry
MPRegen  0.23/turn              q - ring of magical power

@: no status effects
A: clever 1, deformed body, robust 1
a: Renounce Religion, Evoke Blink


You were on level 8 of the Dungeon.
You worshipped Kikubaaqudgha.
Kikubaaqudgha was noncommittal.
You visited 2 branches of the dungeon, and saw 10 of its levels.

You collected 476 gold pieces.

Inventory:

Hand Weapons
 k - a +1 dagger
 u - a +0 dagger
Missiles
 d - 317 stones
 t - 116 arrows
Armour
 b - the +1 robe "Noajolah" (worn) {+Blink rN+}
   (You found it on level 5 of the Dungeon)

   It protects you from negative energy.
   It lets you blink.
 g - a +0 cloak (worn)
 m - a +0 helmet (worn)
Magical Staves
 r - an uncursed staff of poison
 v - an uncursed staff of death (weapon)
 y - an uncursed staff of air
Jewellery
 e - a ring of wizardry (left hand)
 h - a +6 ring of intelligence
 q - a ring of magical power (right hand)
 w - an uncursed ring of positive energy
 x - an amulet of regeneration (around neck)
Wands
 l - a wand of digging (6)
 B - a wand of random effects (8)
Scrolls
 c - 3 scrolls of magic mapping
 f - a scroll of summoning
 n - 7 scrolls of remove curse
 s - 2 scrolls of enchant weapon
Potions
 i - 2 potions of lignification
 j - 2 potions of cancellation


   Skills:
 + Level 2.0 Fighting
 + Level 2.0 Short Blades
 + Level 2.0 Staves
 + Level 4.8 Dodging
 + Level 4.1 Stealth
 + Level 9.5 Spellcasting
 * Level 11.8 Necromancy
 + Level 0.3 Air Magic
 + Level 0.3 Poison Magic
 * Level 5.0 Evocations


You had 17 spell levels left.
You knew the following spells:

 Your Spells              Type           Power        Failure   Level
a - Pain                  Necr           100%         1%          1
b - Animate Skeleton      Necr           100%         1%          1
c - Vampiric Draining     Necr           42%          1%          3
d - Poisonous Vapours     Pois/Air       28%          2%          2
e - Mephitic Cloud        Conj/Pois/Air  13%          5%          3

Your spell library contained the following spells:

 Spells                   Type           Power        Failure   Level
 Animate Dead             Necr           42%          1%          4
 Agony                    Necr           84%          1%          5
 Conjure Flame            Conj/Fire      12%          6%          3
 Freezing Cloud           Conj/Ice/Air   6%           93%         6


Dungeon Overview and Level Annotations

Branches:
Dungeon (9/15)             Temple (1/1) D:7            Lair (0/6) D:9
    Orc (0/2) D:9

Altars:
Ashenzari
Cheibriados
Dithmenos
Elyvilon
Fedhas
Gozag
Hepliaklqana
Kikubaaqudgha
Makhleb
Nemelex Xobeh
Okawaru
Qazlal
Ru
Sif Muna
Trog
Uskayaw
Vehumet
Wu Jian
Xom
Yredelemnul
Zin
The Shining One

Shops:
D:4 *[(

Annotations:
D:3 1 runed translucent door, puppykicker's ghost, amateur FoAr
D:5 Menkaure
D:9 1 runed translucent door


Innate Abilities, Weirdness & Mutations

Your mind is acute. (Int +2)
Armour fits poorly on your strangely shaped body.
You are robust. (+10% HP)


Message History

The orc zombie is almost destroyed.
The orc zombie hits you but does no damage.
You barely miss the orc zombie.
The orc zombie is almost destroyed.
The orc zombie misses you.
You hit the orc zombie.
You destroy the orc zombie!
Kikubaaqudgha accepts your kill.
The wight zaps a wand.
The mass of ice explodes!
The iceblast engulfs you!
The wight zaps a wand.
The mass of ice explodes!
The iceblast engulfs you. The wight barely misses you.
The wight zaps a wand.
The mass of ice explodes!
The iceblast engulfs you!
The wight zaps a wand.
The mass of ice explodes!
The iceblast engulfs you!
You feel better.
The wight zaps a wand.
The mass of ice explodes!
The iceblast engulfs you!
The wight zaps a wand.
The mass of ice explodes!
The iceblast engulfs you!
* * * LOW HITPOINT WARNING * * *
The wight zaps a wand.
The mass of ice explodes!
The iceblast engulfs you!
You die...
Kikubaaqudgha rasps: "You have failed me!
Welcome... death!"

.............# )...########.#
....# #.# ##### #.# ##...
###### ...#. ..# #.....
#...#### #.# #.#### #### ####
##=....# #.# #.# # ...# #..
#@# #.# #.# # #.#.##.# #.# #.#
#.# # #.##.#.###### #.# #.#
#.# # ............# #.# #.#
#.# #
..##.....##z####.###.#######.#
.........##.#................#
.........##.#.##z########.####
...##...###.#.##.##### #.#
...##................# #.#


You could see a wight.

Vanquished Creatures
  Joseph (D:7)
  Maggie (D:7)
  Prince Ribbit (D:5)
  Sigmund (D:5)
  Duvessa (D:5)
  4 orc warriors
  2 ogres
  A necrophage (D:8)
  2 centaurs
  A phantom (D:4)
  An elf zombie (D:8)
  A kobold brigand (D:8)
  3 bullfrogs
  2 scorpions
  Dowan (D:5)
  2 bullfrog zombies
  2 human zombies (D:8)
  2 bullfrog skeletons
  5 hounds
  A quasit (D:6)
  5 orc priests
  2 iguanas
  A human skeleton (D:8)
  2 worker ants
  5 orc wizards
  A mummy (D:8)
  A howler monkey zombie (D:6)
  3 howler monkey skeletons
  9 adders
  3 shadow imps
  2 oozes
  2 adder skeletons
  A worm (D:3)
  A dart slug (D:2)
  8 leopard geckos
  16 orcs
  A ball python (D:2)
  3 giant cockroaches
  6 goblins
  7 hobgoblins
  10 jackals
  8 quokkas
  10 bats
  5 frilled lizards
  A goblin skeleton (D:9)
  A jackal skeleton (D:5)
  16 kobolds
  2 leopard gecko skeletons
  2 orc zombies
  A quokka skeleton (D:5)
  6 rats
176 creatures vanquished.

Vanquished Creatures (others)
  40 plants (D:9)
40 creatures vanquished.

Grand Total: 216 creatures vanquished

Notes
Turn   | Place    | Note
-------+----------+-------------------------------------------
     0 | D:1      | mobtown the Deep Elf Necromancer began the quest for the
                  | Orb.
     0 | D:1      | Reached XP level 1. HP: 10/10 MP: 6/6
   154 | D:1      | Reached skill level 5 in Necromancy
   375 | D:1      | Reached XP level 2. HP: 7/15 MP: 1/8
  1187 | D:2      | Reached XP level 3. HP: 11/19 MP: 2/10
  1193 | D:1      | Learned a level 1 spell: Animate Skeleton
  1197 | D:1      | Learned a level 3 spell: Vampiric Draining
  1288 | D:2      | Reached skill level 6 in Necromancy
  1585 | D:2      | Reached XP level 4. HP: 23/24 MP: 10/12
  2722 | D:3      | HP: 1/24 [orc priest/nerve-wracking pain (12)]
  2725 | D:3      | Reached skill level 5 in Spellcasting
  2725 | D:3      | Reached XP level 5. HP: 2/28 MP: 2/14
  3150 | D:3      | Found a white marble altar of Elyvilon.
  3274 | D:3      | Found a runed translucent door.
  3274 | D:3      | Noticed puppykicker's ghost (amateur FoAr)
  3334 | D:3      | Reached skill level 7 in Necromancy
  3907 | D:4      | Found Baisk's Antique Armour Shop.
  4225 | D:4      | Noticed a phantom
  4283 | D:4      | Killed a phantom
  4284 | D:4      | Reached XP level 6. HP: 30/32 MP: 16/16
  4465 | D:4      | Found Ykameukk's Weapon Shop.
  4782 | D:4      | Reached skill level 8 in Necromancy
  5224 | D:4      | Found Bofesypli's Assorted Antiques.
  5332 | D:5      | Entered Level 5 of the Dungeon
  5333 | D:5      | Noticed Duvessa
  5573 | D:5      | Reached skill level 1 in Short Blades
  5573 | D:5      | Reached XP level 7. HP: 26/36 MP: 17/18
  5828 | D:5      | Noticed Menkaure
  5948 | D:5      | Got an opalescent robe
  5959 | D:5      | Identified the +1 robe "Noajolah" {+Blink rN+} (You found
                  | it on level 5 of the Dungeon)
  5983 | D:5      | Noticed Prince Ribbit
  5986 | D:5      | Found a hazy altar of Hepliaklqana.
  6679 | D:5      | Noticed Dowan
  6699 | D:5      | Noticed Sigmund
  7230 | D:5      | Killed Prince Ribbit
  7231 | D:5      | Reached skill level 1 in Evocations
  7362 | D:5      | Killed Sigmund
  7363 | D:5      | Reached skill level 9 in Necromancy
  7441 | D:5      | Killed Dowan
  7447 | D:5      | Killed Duvessa
  7448 | D:5      | Reached XP level 8. HP: 23/42 MP: 6/21
  8014 | D:6      | Reached skill level 1 in Fighting
  8166 | D:6      | Reached skill level 10 in Necromancy
  9102 | D:7      | Noticed Joseph
  9352 | D:7      | Killed Joseph
  9353 | D:7      | Reached XP level 9. HP: 29/47 MP: 12/23
  9569 | D:7      | Noticed Maggie
  9582 | D:7      | Killed Maggie
  9583 | D:7      | Reached skill level 11 in Necromancy
 10214 | D:7      | Found a staircase to the Ecumenical Temple.
 10221 | Temple   | Entered the Ecumenical Temple
 10341 | Temple   | Became a worshipper of Kikubaaqudgha
 10704 | D:8      | Learned a level 2 spell: Poisonous Vapours
 10708 | D:8      | Learned a level 3 spell: Mephitic Cloud
 11466 | D:8      | Reached skill level 1 in Staves
 11656 | D:8      | Gained mutation: Armour fits poorly on your strangely
                  | shaped body. [potion of mutation]
 11656 | D:8      | Gained mutation: Your mind is acute. (Int +2) [potion of
                  | mutation]
 11656 | D:8      | Gained mutation: You are robust. (+10% HP) [potion of
                  | mutation]
 11934 | D:9      | Found a staircase to the Orcish Mines.
 12008 | D:9      | Found a staircase to the Lair.
 12031 | D:9      | Found a runed translucent door.
 12032 | D:9      | Noticed a five-headed hydra
 12065 | D:9      | Noticed a two-headed ogre
 12227 | D:8      | Found an ancient bone altar of Kikubaaqudgha.
 12561 | D:8      | Reached skill level 5 in Evocations
 12839 | D:8      | Killed from afar by a wight

Illustrated notes

Levels and vault maps discovered:
D:1:      heliophobic_arrival_battle_scene, layout_rooms
D:2:      layout_loops_ring, minmay_hexomino_u4
D:3:      layout_rooms, general_overflow_altar, gammafunk_ghost_grave,
          kennysheep_generic_room_4
D:4:      layout_basic, serial_shops, kennysheep_little_box, shop, shop
D:5:      layout_gridville, nzn_hepliaklqana_mist_gate, grunt_decor_junction,
          uniq_prince_ribbit1, uniq_duvessa, uniq_sigmund, uniq_menkaure
D:6:      kb_forest_paths, layout_cave_pods
D:7:      layout_loops_ring, minmay_temple_entry_gardened_gates,
          nrook_loot_triangle, uniq_maggie, uniq_joseph
D:8:      layout_loops_ring, lemuel_mausoleum_altar_kikubaaqudgha
D:9:      minmay_the_grid_four_pointed_star_mashed
          [minmay_the_grid_triangle_9x9_sparse_checkered,
          minmay_the_grid_triangle_9x9_fully_insulated_deathbox,
          minmay_the_grid_triangle_9x9_impossible_snake,
          minmay_the_grid_triangle_9x9_intruding_spiral,
          minmay_the_grid_prize_four_corners_diamond_b], layout_basic,
          lair_entry_dummy, zombieorc2_lemuel, serial_bayou,
          serial_bayou_ford_a, serial_bayou_crossing, serial_bayou_pond_a,
          serial_bayou_lagoon_a, serial_bayou_shore_b, minivault_13
Temple:   regret_index_temple_chain_breaker

Skill      XL: |  1  2  3  4  5  6  7  8  9 |
---------------+----------------------------+-----
Necromancy     | 5 6 7 8 9 10 11 | 11.8
Spellcasting   | 4 5 6 7 8 9 |  9.5
Stealth        | 3 4 |  4.1
Short Blades   | 1 2 |  2.0
Evocations     | 2 3 5 |  5.0
Dodging        | 3 4 |  4.8
Fighting       | 1 2 |  2.0
Staves         | 2 |  2.0
Air Magic      | |  0.3
Poison Magic   | |  0.3

Action                   |  1- 3 |  4- 6 |  7- 9 || total
-------------------------+-------+-------+-------++-------
Melee: Dagger            |     4 |    60 |   138 ||   202
       Staff             |       |       |   451 ||   451
 Cast: Pain              |    51 |    76 |    92 ||   219
       Vampiric Draining |       |     7 |    55 ||    62
       Poisonous Vapours |       |       |    12 ||    12
       Mephitic Cloud    |       |       |     3 ||     3
       Animate Skeleton  |       |       |     1 ||     1
 Abil: Evoke Blink       |       |       |    25 ||    25
Evoke: Wand              |       |       |     5 ||     5
  Use: Scroll            |       |     3 |    12 ||    15
       Potion            |       |     1 |     8 ||     9
 Stab: Sleeping          |     3 |    11 |     6 ||    20
       Distracted        |       |       |     1 ||     1
Armor: Robe              |     2 |    16 |   154 ||   172
Dodge: Dodged            |    16 |    49 |   464 ||   529

Table legend: (Time is in decaauts)
 A = Elapsed time spent in this place.
 B = Non-inter-level travel time spent in this place.
 C = Inter-level travel time spent in this place.
 D = Time resting spent in this place.
 E = Time spent auto-exploring this place.
 F = Levels seen in this place.
 G = Mean time per level.
                   A        B        C        D        E       F      G
               +--------+--------+--------+--------+--------+-----+--------+
         Total |  12905 |  12857 |     48 |   4985 |   5048 |  10 | 1290.5 |
       Dungeon |  12769 |  12721 |     48 |   4985 |   4937 |   9 | 1418.8 |
        Temple |    135 |    135 |      0 |      0 |    111 |   1 |  135.0 |
               +--------+--------+--------+--------+--------+-----+--------+

Top non-repeatable levels by time:
     D:5: 2334 daAuts
     D:4: 1753 daAuts
     D:8: 1631 daAuts
     D:6: 1533 daAuts
     D:2: 1405 daAuts
     D:7: 1384 daAuts
     D:1: 1255 daAuts
     D:3: 1062 daAuts
     D:9: 409 daAuts
  Temple: 135 daAuts
